 Dungeon Crawl Stone Soup version 0.29-a0-690-g32ab5fea29 (webtiles) character file.

Game seed: 2244800308596679800

4138 Bnni the Purveyor of Pain (level 10, -2/77 HPs)
             Began as a Demonspawn Necromancer on June 21, 2022.
             Was an Initiate of Kikubaaqudgha.
             Slain by an orc knight
             ... wielding a +0 halberd
              (31 damage)
             ... in a bailey on June 25, 2022.
             The game lasted 00:26:06 (9382 turns).

Bnni the Purveyor of Pain (Demonspawn Necromancer)  Turns: 9382, Time: 00:26:07

Health: -2/77      AC:  2    Str: 12    XL:     10   Next: 7%
Magic:  14/19      EV: 20    Int: 18    God:    Kikubaaqudgha [......]
Gold:   115        SH: 18    Dex: 13    Spells: 4/21 levels left

rFire   . . .      SeeInvis .   m - +5 scimitar
rCold   . . .      Faith    .   z - +0 buckler
rNeg    . . .      Spirit   .   a - +0 robe
rPois   .          Reflect  +   (helmet restricted)
rElec   .          Harm     .   (no cloak)
rCorr   .          Rampage  .   (no gloves)
Will    .....                   (no boots)
Stlth   ++........              h - amulet of reflection
HPRegen 0.22/turn               y - +4 ring of evasion
MPRegen 0.16/turn               q - +4 ring of evasion

@: studying Shields
A: horns 2, large bone plates 3
a: Renounce Religion


You were in a bailey.
You worshipped Kikubaaqudgha.
Kikubaaqudgha was noncommittal.
You visited 2 branches of the dungeon, and saw 9 of its levels.
You also visited: Bailey.

You collected 345 gold pieces.
You spent 230 gold pieces at shops.

Inventory:

Hand Weapons
 e - a +2 vorpal trident
 m - a +5 scimitar (weapon)
 H - a +0 dagger of venom
Missiles
 v - 2 throwing nets
Armour
 a - a +0 robe (worn)
 z - a +0 buckler (worn)
 A - a +2 chain mail of cold resistance
Jewellery
 h - an amulet of reflection (around neck)
 k - a ring of willpower
 q - a +4 ring of evasion (right hand)
 r - a +6 ring of dexterity
 y - a +4 ring of evasion (left hand)
Wands
 c - a wand of iceblast (9)
 D - a wand of flame (18)
 E - a wand of mindburst (13)
Scrolls
 f - a scroll of amnesia {unknown}
 n - 5 scrolls of blinking
 p - a scroll of summoning {unknown}
 t - a scroll of noise {unknown}
 w - a scroll of poison {unknown}
 x - 7 scrolls of teleportation
 C - a scroll of immolation {unknown}
 F - 3 scrolls of enchant armour {unknown}
 G - a scroll of torment {unknown}
Potions
 b - 2 potions of magic
 d - a potion of curing
 g - a potion of resistance
 i - 2 potions of might
 j - a potion of mutation
 l - 2 potions of berserk rage
 o - a potion of haste
 s - 2 potions of flight
 u - 3 potions of heal wounds


   Skills:
 + Level 6.6 Fighting
 + Level 3.2 Dodging
 - Level 1.7 Stealth
 + Level 4.0 Shields
 + Level 6.4 Spellcasting
 * Level 11.3 Necromancy


You had 4 spell levels left.
You knew the following spells:

 Your Spells              Type           Power      Damage    Failure   Level
a - Necrotize             Necr           100%       1d9       1%          1
b - Agony                 Necr           46%        N/A       3%          5
c - Vampiric Draining     Necr           46%        2d9       1%          3
d - Animate Dead          Necr           46%        N/A       1%          4
e - Anguish               Hex/Necr       13%        N/A       14%         4

Your spell library contained the following spells:

 Spells                   Type           Power      Damage    Failure   Level
 Slow                     Hex            20%        N/A       14%         1
 Sting                    Tmut/Pois      20%        1d4       14%         1
 Summon Small Mammal      Summ           20%        N/A       14%         1
 Ensorcelled Hibernation  Hex/Ice        10%        N/A       22%         2
 Poisonous Vapours        Pois/Air       10%        N/A       22%         2
 Corpse Rot               Necr/Pois/Air  19%        N/A       30%         4
 Call Canine Familiar     Summ           5%         N/A       41%         3
 Confusing Touch          Hex            5%         N/A       41%         3
 Gell's Gravitas          Tloc           5%         N/A       41%         3
 Spider Form              Tmut/Pois      5%         N/A       41%         3
 Summon Guardian Golem    Hex/Summ       5%         N/A       41%         3
 Teleport Other           Tloc           5%         N/A       41%         3
 Olgreb's Toxic Radiance  Pois           5%         N/A       82%         4
 Dispersal                Tloc           2%         N/A       100%        6
 Enfeeble                 Hex            2%         N/A       100%        7
 Chain Lightning          Conj/Air       2%         3d3       100%        9
 Fire Storm               Conj/Fire      2%         8d1       100%        9
 Shatter                  Erth           2%         3d6*      100%        9


Dungeon Overview and Level Annotations

Branches:
Dungeon (8/15)             Temple (1/1) D:7          Bailey (1/1)
   Lair: D:8-11

Altars:
Ashenzari
Cheibriados
Elyvilon
Fedhas
Hepliaklqana
Kikubaaqudgha
Makhleb
Nemelex Xobeh
Okawaru
Qazlal
Ru
Sif Muna
Yredelemnul

Shops:
D:5 *[?

Portals:
Abyss: D:5


Innate Abilities, Weirdness & Mutations

You have a pair of horns on your head.
You are completely covered in large bone plates. (SH +8)


Message History

Casting: Anguish (dangerous; 14% risk of failure)
Confirm with . or Enter, or press ? or * to list all spells.
Aiming: Necrotize (safe; 1% risk of failure)
Press: ? - help, Shift-Dir - straight line, f - orc
Aim: an orc, wielding a +0 halberd and wearing a +0 scale mail (strong, anguished, chance to affect: 93%)
The orc writhes in agony.
You block the orc's attack.
Unknown command.
Casting: Necrotize (safe; 1% risk of failure)
Confirm with . or Enter, or press ? or * to list all spells.
Aiming: Necrotize (safe; 1% risk of failure)
Press: ? - help, Shift-Dir - straight line, f/p - orc
Aim: an orc, wielding a +0 halberd and wearing a +0 scale mail (moderately wounded, strong, anguished, chance to affect: 93%)
The orc writhes in agony!
You kill the orc!
Kikubaaqudgha accepts your kill.
The dead are walking!
You block the orc's attack. The orc knight barely misses you.
The orc warrior completely misses you.
You hit the orc. You headbutt the orc.
The orc is severely wounded.
You block the orc's attack. You block the orc knight's attack.
The orc warrior misses you.
Your orc skeleton hits the orc warrior but does no damage.
The orc knight closely misses you. The orc warrior misses you.
Your orc skeleton misses the orc warrior.
You hit the orc but do no damage.
The orc is severely wounded.
You block the orc's attack.
The orc knight hits you from afar with a +0 halberd!!
You block the orc warrior's attack.
Your orc skeleton barely misses the orc warrior.
You hit the orc.
You kill the orc!
Kikubaaqudgha accepts your kill.
The orc knight hits you from afar with a +0 halberd!!
You block the orc warrior's attack.
Your orc skeleton closely misses the orc warrior.
The orc knight hits you from afar with a +0 halberd!!
You die...
Kikubaaqudgha rasps: "You have failed me!
Welcome... death!"

..≈≈###≈≈≈≈≈≈≈≈≈≈≈≈≈≈≈≈≈≈≈###≈≈..
..≈##.##≈≈≈≈≈≈≈≈≈≈≈≈≈≈≈≈≈##.##≈..
..≈#..).≈≈≈≈≈≈≈≈≈≈≈≈≈≈≈≈≈))..#≈..
..≈##)∩#≈≈≈≈≈≈≈≈≈≈≈≈≈≈≈≈≈#∩.##≈..
..≈≈#)##≈≈≈≈≈#######≈≈≈≈≈##.#≈≈..
..≈≈≈)≈≈≈≈≈≈≈##≈≈≈≈##≈≈≈≈≈≈≈≈≈≈..
..≈≈≈≈≈≈≈≈≈≈≈##≈≈≈≈≈##≈≈≈≈≈≈≈≈≈..
..≈≈≈≈≈≈≈≈≈≈≈##'''#≈≈##≈≈≈≈≈≈≈≈..
..≈≈≈≈≈≈≈##≈≈##∩@∩##≈≈#≈≈≈≈≈≈≈≈..
..≈≈≈≈≈≈≈##≈####)####≈##≈≈≈≈≈≈≈..
..≈≈≈≈≈≈≈##≈')#.oo#.'≈##≈≈≈≈≈≈≈..
..≈≈≈≈≈≈≈##≈###Z_.###≈##≈≈≈≈≈≈≈..
..≈≈≈≈≈≈≈##≈'.#}.?#)'≈##≈≈≈≈≈≈≈..
..≈≈≈≈≈≈≈##≈#########≈##≈≈≈≈≈≈≈..
..≈≈≈≈≈≈≈≈#≈≈##)#)##≈≈#≈≈≈≈≈≈≈≈..
..≈≈≈≈≈≈≈≈##≈≈#'#'#≈≈##≈≈≈≈≈≈≈≈..
..≈≈≈≈≈≈≈≈≈##≈≈≈≈≈≈≈##≈≈≈≈≈)≈≈≈..


You could see an orc knight, an orc warrior (strong, ally target, anguished) and
a friendly orc skeleton.

Vanquished Creatures
  A hornet (D:7)
  Grinder (D:4)
  The ghost of Malachi the Slasher, an amateur DsGl of Wu Jian (D:5)
  A wyvern (D:5)
  A water moccasin (D:6)
  2 black bears
  An ice beast (D:7)
  10 orc warriors
  2 ogres (D:5)
  2 phantoms
  3 centaurs
  Blork the orc (D:5)
  A bullfrog (D:5)
  A small abomination (D:5)
  3 necrophages (D:5)
  A scorpion (D:5)
  4 wights
  An electric eel (D:6)
  A crimson imp (D:5)
  A quasit (D:5)
  A hound (D:6)
  2 gnoll shamans
  2 jellies
  Jessica (D:2)
  3 iguanas
  3 orc wizards (D:7)
  8 gnolls
  10 adders
  A shadow imp (D:7)
  4 worms
  A dart slug (D:3)
  22 orcs
  5 ball pythons
  3 bats
  4 endoplasms
  2 giant cockroaches
  10 goblins
  9 hobgoblins
  3 quokkas
  3 frilled lizards
  3 kobolds
  5 rats
144 creatures vanquished.

Vanquished Creatures (collateral kills)
  A wight (D:7)
  A shadow imp (D:5)
  A white imp (D:6)
  A goblin (D:8)
  A hobgoblin (D:2)
5 creatures vanquished.

Vanquished Creatures (others)
  A sky beast (D:7)
  A bullfrog zombie (D:5)
  An orc wizard (D:7)
  2 orcs (D:7)
  A goblin (D:8)
  A goblin zombie (D:8)
  3 orc zombies (D:7)
  36 plants
46 creatures vanquished.

Grand Total: 195 creatures vanquished

Notes
Turn   | Place    | Note
-------+----------+-------------------------------------------
     0 | D:1      | Bnni the Demonspawn Necromancer began the quest for the
                  | Orb.
     0 | D:1      | Reached XP level 1. HP: 13/13 MP: 3/3
   357 | D:1      | Gained mutation: You have a pair of small horns on your
                  | head. [demonic ancestry]
   357 | D:1      | Reached XP level 2. HP: 16/20 MP: 5/5
   990 | D:1      | You fall into a shaft and drop 1 floor!
  1027 | D:2      | Reached skill level 1 in Fighting
  1037 | D:2      | Reached skill level 5 in Necromancy
  1037 | D:2      | Reached XP level 3. HP: 18/26 MP: 1/6
  1435 | D:2      | Learned a level 3 spell: Vampiric Draining
  1721 | D:2      | Found a faded altar of an unknown god.
  1778 | D:2      | Noticed Jessica
  1784 | D:2      | Killed Jessica
  1785 | D:2      | Gained mutation: You have a pair of horns on your head.
                  | [demonic ancestry]
  1785 | D:2      | Reached XP level 4. HP: 33/33 MP: 3/7
  2233 | D:2      | Learned a level 4 spell: Animate Dead
  2706 | D:3      | Reached XP level 5. HP: 18/38 MP: 5/9
  3248 | D:3      | Reached skill level 6 in Necromancy
  3963 | D:4      | Noticed Grinder
  3977 | D:4      | Killed Grinder
  3978 | D:4      | Reached skill level 7 in Necromancy
  3978 | D:4      | Reached XP level 6. HP: 17/47 MP: 9/11
  4305 | D:5      | Entered Level 5 of the Dungeon
  4326 | D:5      | Gained mutation: You are partially covered in large bone
                  | plates. (SH +4) [demonic ancestry]
  4326 | D:5      | Reached XP level 7. HP: 21/52 MP: 12/12
  4655 | D:5      | Found a transporter.
  4674 | D:5      | Noticed Malachi's ghost (amateur DsGl)
  4713 | D:5      | Reached skill level 8 in Necromancy
  4844 | D:5      | Found a transporter.
  4890 | D:5      | Found Zehiuwk's Antique Armour Shoppe.
  5000 | D:5      | Bought a buckler for 90 gold pieces
  5051 | D:5      | Found a one-way gate to the infinite horrors of the Abyss.
  5130 | D:5      | Reached skill level 1 in Shields
  5130 | D:5      | Reached XP level 8. HP: 25/61 MP: 10/14
  5313 | D:5      | Found Gesusip's General Store.
  5321 | D:5      | Bought a scroll of blinking for 75 gold pieces
  5685 | D:5      | Noticed Blork the orc
  5695 | D:5      | Killed Blork the orc
  5696 | D:5      | Reached skill level 9 in Necromancy
  5767 | D:5      | Found Paise's Magic Scroll Boutique.
  5776 | D:5      | Bought a scroll of identify for 26 gold pieces
  5776 | D:5      | Bought a scroll of teleportation for 39 gold pieces
  5788 | D:5      | Reached skill level 5 in Spellcasting
  5845 | D:5      | Killed Malachi's ghost
  5846 | D:5      | Reached skill level 5 in Fighting
  5981 | D:6      | Upgraded the game from 0.29-a0-649-g45c230d69a to
                  | 0.29-a0-659-g28b9d68c38
  5981 | D:6      | Upgraded the game from 0.29-a0-659-g28b9d68c38 to
                  | 0.29-a0-690-g32ab5fea29
  5989 | D:6      | Learned a level 5 spell: Agony
  5994 | D:6      | Learned a level 4 spell: Anguish
  6149 | D:6      | Gained mutation: You are mostly covered in large bone
                  | plates. (SH +6) [demonic ancestry]
  6149 | D:6      | Reached XP level 9. HP: 52/68 MP: 12/17
  7093 | D:7      | Reached skill level 10 in Necromancy
  8058 | D:7      | Found a staircase to the Ecumenical Temple.
  8286 | Temple   | Entered the Ecumenical Temple
  8432 | Temple   | Became a worshipper of Kikubaaqudgha
  8726 | D:8      | Found a flagged portal.
  8757 | D:8      | Reached skill level 11 in Necromancy
  8784 | Bailey   | Entered a bailey
  9252 | Bailey   | Gained mutation: You are completely covered in large bone
                  | plates. (SH +8) [demonic ancestry]
  9252 | Bailey   | Reached XP level 10. HP: 75/77 MP: 19/19
  9374 | Bailey   | Noticed an orc knight
  9382 | Bailey   | Slain by an orc knight

Illustrated notes

Levels and vault maps discovered:
D:1:      dpeg_arrival_arbitrary_a, layout_basic, minmay_pentomino_q2
D:2:      layout_basic, hellmonk_ecumenical_altar_prayer_group, minmay_ruptured,
          uniq_jessica
D:3:      layout_loops_ring, kennysheep_generic_room_14
D:4:      layout_cave_pools, uniq_grinder
D:5:      layout_layer_cave, gammafunk_ghost_abyssal_escape, serial_shops,
          nicolae_square_shop, nicolae_shop_trees, shop, uniq_blork_the_orc
D:6:      wad_lake_hut, layout_basic, kennysheep_generic_room_5
D:7:      layout_rooms, temple_doors_e, bh_walls_and_bars
D:8:      layout_basic, david_lair_shrubbed, enter_bailey_5, sigmund_army
Temple:   roderic_octagonal_lattice_temple
Bailey:   bailey_polearm_2, bailey

Skill      XL: |  1  2  3  4  5  6  7  8  9 |
---------------+----------------------------+-----
Fighting       | 1 2 3 4 5 6 |  6.6
Necromancy     | 5 7 8 9 11 | 11.3
Spellcasting   | 3 4 5 6 |  6.4
Shields        | 1 3 4 |  4.0
Dodging        | 3 |  3.2
Stealth        | |  1.7

Action                   |  1- 3 |  4- 6 |  7- 9 | 10-12 || total
-------------------------+-------+-------+-------+-------++-------
Melee: Spear             |    71 |    46 |       |       ||   117
       Punch             |     2 |     1 |       |       ||     3
       Unarmed           |     1 |       |       |       ||     1
       Headbutt          |     9 |    20 |    62 |     5 ||    96
       Rapier            |       |    63 |   182 |       ||   245
       Scimitar          |       |       |    39 |    18 ||    57
       Dagger            |       |       |    16 |       ||    16
       Trident           |       |       |     8 |       ||     8
Throw: Throwing net      |       |     2 |       |       ||     2
 Cast: Necrotize         |    12 |     8 |    11 |     2 ||    33
       Vampiric Draining |       |     9 |    19 |       ||    28
       Animate Dead      |       |       |    10 |       ||    10
       Anguish           |       |       |     5 |     1 ||     6
       Agony             |       |       |     2 |       ||     2
Evoke: Wand              |       |     1 |     1 |       ||     2
  Use: Scroll            |       |       |     8 |       ||     8
       Potion            |       |       |     2 |       ||     2
 Stab: Sleeping          |     8 |     8 |     3 |       ||    19
       Distracted        |       |       |     2 |       ||     2
Armor: Robe              |     9 |    10 |    13 |       ||    32
Dodge: Dodged            |    38 |    68 |   163 |    10 ||   279
Block: Other             |       |     8 |    13 |       ||    21
       Buckler           |       |       |   229 |    27 ||   256
       Reflection        |       |       |    23 |       ||    23

Table legend: (Time is in decaauts)
 A = Elapsed time spent in this place.
 B = Non-inter-level travel time spent in this place.
 C = Inter-level travel time spent in this place.
 D = Time resting spent in this place.
 E = Time spent auto-exploring this place.
 F = Levels seen in this place.
 G = Mean time per level.
                   A        B        C        D        E       F      G
               +--------+--------+--------+--------+--------+-----+--------+
         Total |   9537 |   9321 |    216 |    364 |   7450 |  10 |  953.7 |
       Dungeon |   8707 |   8506 |    201 |    115 |   7214 |   8 | 1088.4 |
        Temple |    162 |    147 |     15 |      0 |    127 |   1 |  162.0 |
        Bailey |    666 |    666 |      0 |    249 |    109 |   1 |  666.0 |
               +--------+--------+--------+--------+--------+-----+--------+

Top non-repeatable levels by time:
     D:5: 1689 daAuts
     D:2: 1484 daAuts
     D:7: 1254 daAuts
     D:6: 1128 daAuts
     D:3: 1008 daAuts
     D:1: 992 daAuts
     D:4: 837 daAuts
  Bailey: 666 daAuts
     D:8: 313 daAuts
  Temple: 162 daAuts
